woodfighter, chaotic female sylph Ranger ----------- ---.........--- ----- -------- ..........{....####-...| |......| |.............| |...| |..."l.| |.........<...| #..{.-# ......| ---....(....--- ###|...|# $.... -------+--- # -----# -@- # ### # a # # # ### ### ### # # # # # ########## ---.--- ### # -.-------------- |.....| # # |............... |.....|### ##-.............*| |.....|# |..............| |.....-# ---------------- |.....| ------- woodfighter the Lookout Experience level: 5 Strength: 16 Dexterity: 9 Constitution: 14 Intelligence: 15 Wisdom: 13 Charisma: 8 Health: 0(36) Energy: 29(29) Def: 3 Gold: 885 Moves: 2897 Dungeon seed: XxLdTCgL5HHpF_ax Game ID: woodfighter_1465562012 Your Inventory: Coins $ - 885 gold pieces Amulets m - a cursed amulet of restful sleep Weapons a - a +1 dagger (alternate weapon; not wielded) b - a +2 bow (weapon in hand) c - 57 +2 arrows (in quiver) d - 39 +0 arrows Armor e - an uncursed +2 cloak of displacement (being worn) n - an uncursed +0 dwarvish cloak q - an uncursed +0 dwarvish cloak Comestibles f - 6 uncursed cram rations k - 4 uncursed food rations W - 2 uncursed fortune cookies Scrolls l - an uncursed scroll of remove curse p - a cursed scroll of enchant weapon v - 3 uncursed scrolls of scare monster y - an uncursed scroll of blank paper A - an uncursed scroll of identify E - an uncursed scroll of create monster H - an uncursed scroll of teleportation X - an uncursed scroll of light Y - an uncursed scroll of destroy armor Z - a cursed scroll of fire Spellbooks M - an uncursed spellbook of restore ability Potions h - an uncursed potion of gain energy i - an uncursed potion of healing r - 2 uncursed potions of enlightenment u - an uncursed potion of see invisible z - an uncursed potion of extra healing Rings w - an uncursed ring of regeneration Wands g - a wand of slow monster (0:3) T - a wand of enlightenment (0:15) Tools D - a blessed oil lamp (0:1099) G - an uncursed towel L - a +0 pick-axe P - an uncursed leash Spells and supernatural/magical abilities: Name Level Category Fail Memory W - pray for help -- divine ? -- Your skills at the end: Miscellaneous Skills wands [Basic] Weapon Skills dagger [Basic] bow [Basic] Spellcasting Skills Final Attributes: You were piously aligned. You saw invisible. You had automatic searching. You had infravision. You were displaced. You were stealthy. You were protected from shape changers. You are dead. Vanquished creatures: an iron piercer a rock piercer a shrieker 2 gray oozes a paper golem 4 giant ants 2 floating eyes 2 kittens a dwarf an iguana a rabid rat a dwarf zombie 5 hobbits 2 geckos a cave spider 5 jackals a fox a kobold 4 newts a sewer rat 7 grid bugs 3 lichens 2 kobold zombies 50 creatures vanquished. Voluntary challenges: You were vegetarian. You did not adorn yourself with jewelry or accessories. You were an atheist. You used a wielded weapon 15 times, starting on turn 208. You did not use tools. You were illiterate. You never genocided any monsters. You never polymorphed an object. You never changed form. You used no wishes. You never split a pudding. You never wrote Elbereth's name. You never violated your personal moral code. Dungeon overview: The Dungeons of Doom: levels 1 to 7 Level 1 a fountain a long staircase Level 2 (locked chest) a fountain stairs to The Gnomish Mines Level 3 (closed shop) Level 4 Level 5 Level 6 a fountain Level 7 <- You were here some fountains The Gnomish Mines: Level 3 stairs to The Dungeons of Doom History has recorded: On T:1 you entered the Dungeons of Doom to retrieve the Amulet of Yendor! On T:122 you reached level 2 of The Dungeons of Doom. On T:504 you advanced to experience level 2. On T:535 you reached level 1 of The Gnomish Mines. On T:601 you reached level 3 of The Dungeons of Doom. On T:903 you advanced to experience level 3. On T:957 you reached level 4 of The Dungeons of Doom. On T:1693 you reached level 5 of The Dungeons of Doom. On T:1705 you advanced to experience level 4. On T:1991 you reached level 6 of The Dungeons of Doom. On T:2312 you reached level 7 of The Dungeons of Doom. On T:2498 you advanced to experience level 5. Score breakdown: Gold: 885 ( 88 points) Experience: 5 levels ( 400 points) Exploration: 7 levels ( 180 points) Discoveries: 0 items ( 0 points) Variety of kills: 23 monsters ( 1150 points) Major goal: (nothing yet) ( 0 points) Survival: died (score multiplied by 3) Total score: 5454 Latest messages: You displace doggy. You stop exploring. You shoot 2 arrows. The 1st arrow misses the iron piercer. The 2nd arrow hits the iron piercer! You shoot 2 arrows. The 1st arrow hits the iron piercer! The 2nd arrow hits the iron piercer. The arrow misses the iron piercer. You kill the iron piercer! c - 6 +2 arrows (in quiver). You hear some noises. You hear some noises in the distance. The door opens. The iguana strikes at your displaced image and misses you! The soldier ant bites! The soldier ant stings! The arrow hits the iguana. The soldier ant bites! The soldier ant stings! The soldier ant's sting was poisoned! You die... Final status: Goodbye woodfighter the Ranger, killed by a soldier ant... You died in The Dungeons of Doom on dungeon level 7 with 5454 points, and 885 pieces of gold, after 2897 moves. You were level 5 with a maximum of 36 hit points when you died.